 Dungeon Crawl Stone Soup version 0.17-a0-913-g36eb389 (webtiles) character file.

215 Lathuz the Cudgeler (level 5, -2/45 HPs)
             Began as a Minotaur Fighter on May 3, 2015.
             Slain by Natasha (7 damage)
             ... on level 4 of the Dungeon.
             The game lasted 00:10:45 (2388 turns).

Lathuz the Cudgeler (Minotaur Fighter)              Turns: 2388, Time: 00:10:46

Health: -2/45      AC: 12    Str: 21    XL:     5   Next: 60%
Magic:  4/4        EV:  3    Int:  5    God:
Gold:   101        SH:  9    Dex: 10    Spells: 0 memorised, 4 levels left

rFire  . . .     SeeInvis .     a - +0 flail
rCold  . . .     Clarity  .     s - +0 plate armour
rNeg   . . .     SustAb   .     c - +0 shield
rPois  .         Gourm    .     (helmet restricted)
rElec  .         Spirit   .     i - +0 cloak (curse)
rCorr  .         Warding  .     (no gloves)
rMut   .         Stasis   .     (no boots)
MR     .....                    (no amulet)
Stlth  ..........               (no ring)
                                (no ring)

@: slowed, very slow, not resistant to hostile enchantments, extremely
unstealthy
A: retaliatory headbutt, horns 2
a: no special abilities


You were on level 4 of the Dungeon.
You were very hungry.

You visited 1 branch of the dungeon, and saw 4 of its levels.

You collected 101 gold pieces.

Inventory:

Hand weapons
 a - a +0 flail (weapon)
 x - a +0 blowgun
Missiles
 y - 2 poisoned needles
Armour
 c - a +0 shield (worn)
 i - a cursed +0 cloak (worn)
 s - a +0 plate armour (worn)
Jewellery
 o - a +4 ring of protection {unknown}
Scrolls
 b - a scroll of magic mapping {unknown}
 g - a scroll of fear {unknown}
 k - a scroll of blinking {unknown}
 l - 5 scrolls of identify {unknown}
 p - a scroll of random uselessness {unknown}
 r - a scroll of teleportation {unknown}
 w - a scroll of noise {unknown}
Potions
 d - a potion of might
 h - 2 potions of haste {unknown}
 m - a potion of agility {unknown}
 n - 3 potions of brilliance {unknown}
 q - a potion of curing {unknown}
 t - 2 potions of ambrosia {unknown}
 u - a potion of berserk rage {unknown}
 v - a potion of lignification {unknown}
 z - a potion of flight {unknown}
Books
 A - a book of the Earth

   Spells                             Type                      Level
   a - Leda's Liquefaction            Hexes/Earth                  4
   b - Bolt of Magma                  Conjuration/Fire/Earth       5
   c - Statue Form                    Transmutation/Earth          6
   d - Iron Shot                      Conjuration/Earth            6
   e - Shatter                        Earth                        9
Comestibles
 e - a bread ration
 f - a meat ration
 j - a slice of pizza


   Skills:
 - Level 3.6 Fighting
 + Level 7.2 Maces & Flails
 - Level 3.6 Armour
 - Level 3.6 Shields


You had 4 spell levels left.
You didn't know any spells.

Dungeon Overview and Level Annotations

Branches:
Dungeon (4/15)
 Temple: D:4-7

Altars:
Nemelex Xobeh
Qazlal
Ru
Sif Muna
Trog

Annotations:
D:4 Natasha


Innate Abilities, Weirdness & Mutations

You reflexively headbutt those who attack you in melee.
You have a pair of horns on your head.


Message History

* * * LOW HITPOINT WARNING * * *
Natasha claws you but does no damage. The iron imp hits you.
* * * LOW HITPOINT WARNING * * *
The white imp barely misses you. You furiously retaliate!
You headbutt the white imp.
Natasha casts a spell.
You are too injured to fight recklessly!
You are too injured to fight recklessly!
You are too injured to fight recklessly!
You are too injured to fight recklessly!
You are too injured to fight recklessly!
You are too injured to fight recklessly!
You are too injured to fight recklessly!
You are too injured to fight recklessly!
You are too injured to fight recklessly!
You hit Natasha but do no damage. Your headbutt misses Natasha.
Natasha is severely wounded.
You block the white imp's attack. The iron imp completely misses you.
Natasha claws you!
You die...

#...#
#........#.##.#.##.######
#....
#........#..#.#.....
#.....
#.[......##.#.####.#
####.. #........##.#.#
#.# #.............#
........##......#
......####......#
...>.+..'.5.[..#
....####@5...## ...
#h5...# #........#
#####.... #... ...


You could see an iron imp, Natasha, a white imp and a shadow imp.

Vanquished Creatures
  A scorpion (D:4)
  2 orc priests (D:3)
  An iron imp (D:4)
  3 adders
  An ooze (D:4)
  2 giant geckos
  6 orcs
  A ball python (D:1)
  2 giant cockroaches
  7 goblins
  10 hobgoblins
  6 jackals
  8 kobolds
  A quokka (D:3)
  6 bats
  3 giant newts
  A jackal skeleton (D:4)
  8 rats
69 creatures vanquished.

Notes
Turn   | Place    | Note
--------------------------------------------------------------
     0 | D:1      | Lathuz, the Minotaur Fighter, began the quest for the Orb.
     0 | D:1      | Reached XP level 1. HP: 19/19 MP: 0/0
   171 | D:1      | Reached XP level 2. HP: 26/26 MP: 1/1
   640 | D:1      | Found a sacrificial altar of Ru.
   811 | D:2      | Reached skill level 4 in Maces & Flails
   911 | D:2      | Found a bloodstained altar of Trog.
   951 | D:2      | Reached XP level 3. HP: 31/31 MP: 2/2
  1077 | D:2      | Reached skill level 5 in Maces & Flails
  1406 | D:3      | Reached XP level 4. HP: 37/39 MP: 3/3
  1495 | D:3      | Found a sacrificial altar of Ru.
  1682 | D:3      | Found a sparkling altar of Nemelex Xobeh.
  1689 | D:3      | Found a deep blue altar of Sif Muna.
  1785 | D:3      | Reached skill level 6 in Maces & Flails
  1788 | D:3      | Reached XP level 5. HP: 27/45 MP: 4/4
  2171 | D:4      | Found a stormy altar of Qazlal.
  2175 | D:4      | Reached skill level 7 in Maces & Flails
  2369 | D:4      | Noticed Natasha
  2388 | D:4      | Slain by Natasha

Action                   |  1- 3 |  4- 6 || total
-------------------------+-------+-------++-------
Melee: Flail             |   123 |    77 ||   200
  Eat: Chunk             |     2 |     2 ||     4
